 Dungeon Crawl Stone Soup version 0.22.1-1-ga44c0e5 (webtiles) character file.

50766 LazyFox the Arsonist (level 14, 121/121 HPs)
             Began as a Black Draconian Fire Elementalist on Nov 2, 2018.
             Was a High Priest of Sif Muna.
             Quit the game on level 15 of the Dungeon on Nov 4, 2018.
             The game lasted 02:38:51 (29175 turns).

LazyFox the Arsonist (DrFE)                        Turns: 29175, Time: 02:38:52

Health: 121/121    AC: 17    Str: 11    XL:     14   Next: 20%
Magic:  21/27      EV: 12    Int: 20    God:    Sif Muna [*****.]
Gold:   1259       SH:  6    Dex: 12    Spells: 1/31 levels left

rFire    . . .     SeeInvis .   a - staff of summoning
rCold    . . .     Gourm    .   Q - +0 buckler
rNeg     . . .     Faith    .   (armour unavailable)
rPois    .         Spirit   .   X - +2 hat
rElec    +         Reflect  .   x - scarf {cloud immunity}
rCorr    .         Harm     .   (no gloves)
MR       +....                  J - +0 pair of boots
Stlth    ++........             u - amulet of regeneration
HPRegen  0.70/turn              d - +3 ring of protection
MPRegen  0.20/turn              l - +3 ring of protection

@: divine energy
A: breathe lightning, unfitting armour, big wings, electricity resistance,
cold-blooded, AC +8
a: Breathe Lightning, Fly, Stop Divine Energy, Channel Magic, Forget Spell,
Renounce Religion


You were on level 15 of the Dungeon.
You worshipped Sif Muna.
Sif Muna was extremely pleased with you.
You were not hungry.

You visited 2 branches of the dungeon, and saw 21 of its levels.

You collected 1497 gold pieces.
You spent 238 gold pieces at shops.

Inventory:

Armour
 x - a scarf of cloud immunity (worn)
 z - a +0 shield
 J - a +0 pair of boots (worn)
 Q - a +0 buckler (worn)
 X - a +2 hat (worn)
Magical Staves
 a - an uncursed staff of summoning (weapon)
 b - an uncursed staff of wizardry
Jewellery
 d - a +3 ring of protection (left hand)
 h - an uncursed ring of resist corrosion
 l - a +3 ring of protection (right hand)
 r - an uncursed ring of protection from cold
 u - an amulet of regeneration (around neck)
 G - an uncursed ring of positive energy
Wands
 m - a wand of acid (8)
 A - a wand of iceblast (48)
 C - a wand of disintegration (13)
 H - a wand of flame (46)
 P - a wand of polymorph (66)
 R - a wand of paralysis (47)
 S - a wand of digging (13)
 Y - a wand of random effects (60)
Scrolls
 c - a scroll of immolation {unknown}
 f - 7 scrolls of teleportation
 g - a scroll of acquirement
 i - 8 scrolls of magic mapping
 j - 5 scrolls of enchant armour
 y - 2 scrolls of amnesia
 B - 7 scrolls of remove curse
 K - 3 scrolls of enchant weapon
 M - 7 scrolls of identify
 T - a scroll of brand weapon {unknown}
 U - a scroll of fog {unknown}
 W - a scroll of noise {unknown}
Potions
 e - a potion of magic {unknown}
 k - 3 potions of might {unknown}
 n - 2 potions of heal wounds
 o - 5 potions of brilliance {unknown}
 p - 3 potions of berserk rage {unknown}
 q - 2 potions of agility
 t - 7 potions of mutation {unknown}
 w - 2 potions of lignification {unknown}
 D - 8 potions of degeneration {unknown}
 E - 3 potions of ambrosia {unknown}
 F - 4 potions of cancellation {unknown}
 L - a potion of invisibility {unknown}
 N - 7 potions of curing {unknown}
 O - 2 potions of flight {unknown}
 Z - 2 potions of haste
Miscellaneous
 s - a phantom mirror
 V - a lamp of fire
Comestibles
 v - 4 chunks of flesh
 I - 17 rations


   Skills:
 - Level 10.0 Fighting
 - Level 1.8 Dodging
 - Level 1.8 Stealth
 + Level 8.0 Shields
 - Level 9.2 Spellcasting
 - Level 10.2 Conjurations
 + Level 5.9 Hexes
 * Level 10.0 Summonings
 - Level 2.1 Necromancy
 - Level 11.0 Fire Magic
 + Level 3.8 Ice Magic
 - Level 6.0 Air Magic


You had one spell level left.
You knew the following spells:

 Your Spells              Type           Power        Failure   Level  Hunger
a - Flame Tongue          Conj/Fire      #####        1%          1    None
b - Throw Flame           Conj/Fire      ######       1%          2    None
c - Sticky Flame          Conj/Fire      ######..     1%          4    ###....
d - Tukima's Dance        Hex            ####....     1%          3    None
e - Summon Guardian Gole  Hex/Summ       ######..     1%          3    None
f - Summon Ice Beast      Ice/Summ       ######..     4%          4    ###....
g - Summon Lightning Spi  Summ/Air       ######..     2%          4    ###....
h - Summon Mana Viper     Hex/Summ       ######..     8%          5    #####..
i - Animate Skeleton      Necr           N/A          3%          1    None
j - Conjure Flame         Conj/Fire      ######..     1%          3    None

Your spell library contained the following spells:

 Spells                   Type           Power        Failure   Level  Hunger
 Confusing Touch          Hex            ####..       1%          1    None
 Corona                   Hex            ####...      1%          1    None
 Summon Butterflies       Summ           ######..     1%          1    None
 Summon Small Mammal      Summ           ####         1%          1    None
 Pain                     Necr           ###.         3%          1    None
 Apportation              Tloc           #.....       8%          1    None
 Sandblast                Erth           #.....       8%          1    None
 Call Imp                 Summ           ######..     1%          2    None
 Ensorcelled Hibernation  Hex/Ice        ####..       1%          2    None
 Call Canine Familiar     Summ           ######..     1%          3    None
 Confuse                  Hex            ####....     1%          3    None
 Dazzling Spray           Conj/Hex       #####.       1%          3    None
 Inner Flame              Hex/Fire       #####...     1%          3    None
 Static Discharge         Conj/Air       #####...     1%          3    None
 Stone Arrow              Conj/Erth      ####..       2%          3    None
 Fireball                 Conj/Fire      ######....   2%          5    #####..
 Sublimation of Blood     Necr           ###.......   4%          2    None
 Cause Fear               Hex            ####......   7%          4    ###....
 Lightning Bolt           Conj/Air       #####.....   8%          5    #####..
 Force Lance              Conj/Tloc      ####....     9%          4    ###....
 Bolt of Draining         Conj/Necr      ####......   16%         5    #####..
 Silence                  Hex/Air        ####......   19%         5    #####..
 Conjure Ball Lightning   Conj/Air       #####.....   38%         6    ######.
 Yara's Violent Unravell  Hex/Tmut       ###.......   52%         5    #####..
 Petrify                  Tmut/Erth      #.......     58%         4    ###....
 Invisibility             Hex            ####....     71%         6    ######.
 Borgnjor's Vile Clutch   Necr/Erth      ##........   80%         5    #####..
 Excruciating Wounds      Chrm/Necr      ##........   80%         5    #####..
 Iron Shot                Conj/Erth      ####......   80%         6    ######.
 Deflect Missiles         Chrm/Air       ###.......   98%         6    ######.
 Ignition                 Fire           ######....   99%         8    #######
 Discord                  Hex            ####......   100%        8    #######
 Shatter                  Erth           #.........   100%        9    #######
 Tornado                  Air            ####......   100%        9    #######


Dungeon Overview and Level Annotations

Branches:
Dungeon (15/15)            Temple (0/1) D:5            Lair (6/6) D:11
 Shoals (0/4) Lair:2       Spider (0/4) Lair:4        Slime (0/5) Lair:6
    Orc (0/2) D:11         Vaults (0/5) D:14         Depths (0/5) D:15

Altars:
Cheibriados
Elyvilon
Gozag
Sif Muna
Xom
Yredelemnul
Zin
Beogh
Jiyva

Shops:
D:8 }

Annotations:
D:3 3 runed doors, exclusion: 3 doors, MagicFarmer's ghost, amateur CeFi
D:10 5 exclusions


Innate Abilities, Weirdness & Mutations

You can breathe wild blasts of lightning.
Your glossy black scales are hard. (AC +8)
You cannot fit into any form of body armour.
Your large and strong wings let you fly indefinitely.
You are resistant to electric shocks. (rElec)
You are cold-blooded and may be slowed by cold attacks.


Message History

g - Guard the area. f - Follow me.
Anything else - Cancel.
You shout for attention!
Take off which item? (? for menu, Esc to quit)
Okay, then.
Unknown command.
Save game and exit?
Welcome back, LazyFox the Black Draconian Fire Elementalist.
Sif Muna whispers: I know many secrets...
Press ? for a list of commands and other information.
Unknown command.
Quiver which item? (- for none, * to show all) (? for menu, Esc to quit)
Okay, then.
Okay, then.
You are a level 14 Black Draconian Fire Elementalist.
You are 20% of the way to level 15.
Play time: 02:38:43 (29175 turns) Unknown command.
Unknown command.
Are you sure you want to abandon this character and quit the game? (Confirm

.######..........
#....# #..........
#....# #..######..
#....# #..# #..
#....# #..# #..
#....######..# #..
#........)...# #..
#...SZ.......######..
#...@Y...............
#.##################.
#................#.
#................#.
#................#.
#................#.
#................#.
#................#.
.############.....#.


You could see a friendly mana viper, a friendly ice beast and a friendly centaur
warrior skeleton.

Vanquished Creatures
  3 hydras
  An ice dragon (D:14)
  Erolcha (D:9)
  2 two-headed ogres
  An unseen horror (D:10)
  2 ugly things
  A cyclops (D:11)
  Joseph (D:8)
  4 elephants
  3 spiny frogs
  2 rime drakes
  A komodo dragon (Lair:6)
  A meliai (D:13)
  8 hippogriffs
  2 blink frogs (Lair:3)
  A shadow (D:12)
  22 yaks
  3 fire bats (D:10)
  A vampire (D:12)
  3 basilisks (Lair:1)
  3 wyverns
  A hungry ghost (D:10)
  2 swamp worms
  6 water moccasins
  3 porcupines
  2 ice beasts
  5 sky beasts
  A phantom (D:4)
  7 orc warriors
  8 centaurs
  4 ogres
  6 crocodiles
  Blork the orc (D:6)
  3 big kobolds
  14 bullfrogs
  2 scorpions
  11 killer bees
  5 wights (D:11)
  2 howler monkeys
  A centaur zombie (D:11)
  2 crimson imps (D:8)
  3 hounds
  A quasit (D:11)
  3 jellies
  8 orc priests
  Crazy Yiuf (D:7)
  A centaur skeleton (D:11)
  3 bullfrog skeletons
  13 orc wizards
  2 iguanas
  9 worker ants
  A killer bee zombie (D:7)
  A hound zombie (D:9)
  2 hound skeletons
  A mummy (D:5)
  3 gnolls (D:7)
  18 adders
  4 shadow imps
  4 white imps (D:12)
  An ooze (D:2)
  An adder skeleton (D:7)
  3 worms
  2 dart slugs (D:1)
  6 leopard geckos
  25 orcs
  6 goblins (D:1)
  4 hobgoblins
  7 jackals
  18 kobolds
  3 quokkas
  4 bats
  4 frilled lizards
  2 hobgoblin zombies (D:5)
  A kobold zombie (D:5)
  A leopard gecko skeleton (D:5)
  An orc zombie (D:5)
  9 rats
328 creatures vanquished.

Vanquished Creatures (collateral kills)
  A yaktaur captain (D:15)
  6 hydras
  3 centaur warriors
  A two-headed ogre (D:13)
  A tengu warrior (D:15)
  An iron troll (D:14)
  3 unseen horrors
  8 skeletal warriors
  An orc knight (D:14)
  A wolf spider zombie (D:15)
  3 wolf spiders
  2 deep elf magi
  2 cyclopes
  9 ugly things
  A manticore (D:15)
  6 black mambas
  A centaur zombie (D:11)
  10 elephants
  A guardian serpent (Lair:6)
  7 spiny frogs
  2 centaur skeletons (D:14)
  5 rime drakes
  A yaktaur (shapeshifter) (D:13)
  7 komodo dragons
  An efreet (D:15)
  A yaktaur (D:15)
  2 jumping spiders (Lair:4)
  A troll (D:10)
  2 hornets (Lair:6)
  5 meliai
  3 blink frogs (Lair:3)
  5 slime creatures (D:14)
  13 hippogriffs
  A meliai zombie (D:14)
  A hippogriff (shapeshifter) (D:14)
  5 redbacks
  2 shadows
  8 yaks
  9 wyverns
  2 vampires (D:15)
  2 basilisks
  3 vampire mosquitoes (D:13)
  3 hungry ghosts
  4 swamp worms (Lair:1)
  An acid dragon (D:15)
  15 water moccasins
  3 porcupines
  2 orc warriors
  3 ice beasts
  3 boggarts (D:15)
  2 phantoms
  2 necrophages
  An eye of draining (D:15)
  2 ogres
  20 centaurs
  A crocodile (Lair:3)
  A big kobold (D:9)
  9 bullfrogs
  A hornet simulacrum (D:15)
  A killer bee (D:9)
  A howler monkey (D:12)
  3 crimson imps
  A jelly (D:10)
  An orc priest (D:14)
  2 bullfrog skeletons
  A hound (D:10)
  An orc wizard (D:12)
  An iguana (D:13)
  3 worker ants
  5 hell rats (Lair:5)
  A gnoll (D:7)
  8 white imps (D:12)
  An adder skeleton (D:4)
  11 orcs
  3 kobolds (D:10)
  A quokka (D:10)
  5 fungi
  7 plants
279 creatures vanquished.

Vanquished Creatures (others)
  2 skeletal warriors
  A cyclops (D:14)
  A centaur skeleton (D:14)
  A gargoyle (D:13)
  A centaur (D:15)
  A bush (D:14)
  A fire vortex (Lair:6)
  15 fungi
  43 plants
66 creatures vanquished.

Grand Total: 673 creatures vanquished

Notes
Turn   | Place    | Note
-------+----------+-------------------------------------------
     0 | D:1      | LazyFox the Draconian Fire Elementalist began the quest for
                  | the Orb.
     0 | D:1      | Reached XP level 1. HP: 14/14 MP: 3/3
   418 | D:1      | Reached XP level 2. HP: 22/22 MP: 0/5
   426 | D:1      | Learned a level 2 spell: Throw Flame
   953 | D:2      | Reached skill level 1 in Fighting
  1081 | D:2      | Learned a level 1 spell: Animate Skeleton
  1146 | D:2      | Reached XP level 3. HP: 28/28 MP: 3/6
  1543 | D:2      | Reached skill level 1 in Necromancy
  1543 | D:2      | Reached XP level 4. HP: 35/35 MP: 4/7
  2248 | D:3      | Reached XP level 5. HP: 41/41 MP: 7/9
  2499 | D:3      | Found a white marble altar of Elyvilon.
  2663 | D:3      | Noticed MagicFarmer's ghost (amateur CeFi)
  2664 | D:3      | Found a runed gate.
  2664 | D:3      | Found a runed gate.
  2664 | D:3      | Found a runed gate.
  2665 | D:3      | Found a roughly hewn altar of Beogh.
  2683 | D:3      | Found a deep blue altar of Sif Muna.
  2691 | D:3      | Became a worshipper of Sif Muna the Loreminder
  2976 | D:3      | Learned a level 3 spell: Conjure Flame
  3452 | D:4      | Reached XP level 6. HP: 50/51 MP: 0/11
  4226 | D:5      | Entered Level 5 of the Dungeon
  4506 | D:5      | Your scales start taking on a glossy black colour.
  4506 | D:5      | Reached XP level 7. HP: 58/58 MP: 5/13
  4506 | D:5      | Gained mutation: You are resistant to electric shocks.
                  | (rElec) [Black Draconian growth]
  4911 | D:5      | Reached * piety under Sif Muna
  4996 | D:5      | Found a snail-covered altar of Cheibriados.
  4998 | D:5      | Found an opulent altar of Gozag.
  5001 | D:5      | Found a shimmering altar of Xom.
  5021 | D:5      | Found a basalt altar of Yredelemnul.
  5232 | D:5      | Found a staircase to the Ecumenical Temple.
  5770 | D:5      | Reached skill level 4 in Fire Magic
  6119 | D:6      | Reached skill level 5 in Fighting
  6139 | D:6      | Learned a level 4 spell: Sticky Flame
  6422 | D:6      | Reached skill level 5 in Conjurations
  6422 | D:6      | Reached XP level 8. HP: 43/68 MP: 3/14
  6619 | D:6      | Noticed Blork the orc
  6624 | D:6      | Reached skill level 5 in Fire Magic
  6750 | D:6      | Killed Blork the orc
  7156 | D:7      | Found a runed door.
  7160 | D:7      | Noticed Crazy Yiuf
  7164 | D:7      | Killed Crazy Yiuf
  7223 | D:7      | Reached ** piety under Sif Muna
  7371 | D:7      | Learned a level 5 spell: Fireball
  7383 | D:7      | Reached skill level 6 in Fire Magic
  7858 | D:8      | Found Xitzaung's Gadget Shop.
  7864 | D:8      | Bought a wand of iceblast (13) for 238 gold pieces
  7893 | D:8      | Reached skill level 5 in Spellcasting
  7927 | D:8      | Noticed Joseph
  8147 | D:8      | Reached skill level 7 in Fire Magic
  8147 | D:8      | Reached XP level 9. HP: 78/78 MP: 9/16
  9121 | D:8      | Reached *** piety under Sif Muna
  9402 | D:8      | Killed Joseph
  9464 | D:9      | Noticed Erolcha
  9946 | D:9      | Killed Erolcha
  9946 | D:9      | Reached skill level 8 in Fire Magic
  9946 | D:9      | Reached XP level 10. HP: 59/88 MP: 0/19
  9974 | D:9      | Noticed a great orb of eyes
 10288 | D:9      | Reached **** piety under Sif Muna
 10550 | D:9      | Noticed a two-headed ogre
 10561 | D:9      | Killed a two-headed ogre
 10751 | D:10     | Entered Level 10 of the Dungeon
 10780 | D:10     | Noticed a two-headed ogre
 10790 | D:10     | Killed a two-headed ogre
 10790 | D:10     | Reached skill level 9 in Fire Magic
 10997 | D:10     | Reached ***** piety under Sif Muna
 11001 | D:10     | Identified Hanukefa's Collected Works on Clay (Sif Muna
                  | gifted it to you on level 10 of the Dungeon)
 11001 | D:10     | Received a gift from Sif Muna
 11168 | D:10     | Noticed an unseen horror
 11170 | D:10     | Killed an unseen horror
 11291 | D:10     | Reached XP level 11. HP: 73/95 MP: 21/21
 11297 | D:10     | Noticed a fire giant
 11918 | D:11     | Reached skill level 10 in Fire Magic
 12462 | D:11     | Noticed an eight-headed hydra
 12473 | D:11     | Killed an eight-headed hydra
 13360 | D:11     | Found a staircase to the Orcish Mines.
 13454 | D:11     | Noticed a purple ugly thing
 13476 | D:12     | Noticed a rakshasa
 13602 | D:11     | Killed a purple ugly thing
 13702 | D:11     | Found a staircase to the Lair.
 14836 | D:12     | Reached skill level 10 in Fighting
 14877 | D:12     | Noticed a seven-headed hydra
 14897 | D:12     | Killed a seven-headed hydra
 14897 | D:12     | Reached skill level 1 in Shields
 14897 | D:12     | Reached skill level 10 in Conjurations
 14897 | D:12     | Reached skill level 11 in Fire Magic
 15003 | D:12     | Noticed a brown ugly thing
 15009 | D:12     | Killed a brown ugly thing
 15023 | D:12     | Reached XP level 12. HP: 99/106 MP: 4/24
 15047 | D:12     | Identified Utro's Tome of Dislocated Calling (Sif Muna
                  | gifted it to you on level 12 of the Dungeon)
 15047 | D:12     | Received a gift from Sif Muna
 15144 | D:12     | Learned a level 4 spell: Summon Lightning Spire
 15246 | D:12     | Reached skill level 1 in Air Magic
 15410 | D:12     | Reached skill level 1 in Summonings
 15686 | Lair:1   | Entered Level 1 of the Lair of Beasts
 16910 | Lair:2   | Reached skill level 5 in Air Magic
 17234 | Lair:2   | Found a staircase to the Shoals.
 17300 | Lair:2   | Learned a level 5 spell: Summon Mana Viper
 17421 | Lair:2   | Reached skill level 1 in Hexes
 17862 | Lair:3   | Reached skill level 5 in Shields
 18024 | Lair:3   | Noticed an eight-headed hydra
 18032 | Lair:3   | Killed an eight-headed hydra
 18032 | Lair:3   | Reached skill level 5 in Summonings
 18112 | Lair:3   | You fall through a shaft!
 18143 | Lair:3   | Noticed a four-headed hydra
 18428 | Lair:3   | Killed a four-headed hydra
 19016 | Lair:4   | Identified Sif Muna's Almanac of Floating Unholy Secrets
                  | (Sif Muna gifted it to you on level 4 of the Lair of
                  | Beasts)
 19016 | Lair:4   | Received a gift from Sif Muna
 19028 | Lair:4   | Reached XP level 13. HP: 110/113 MP: 0/25
 19383 | Lair:4   | Learned a level 3 spell: Tukima's Dance
 19628 | Lair:4   | Found a hole to the Spider Nest.
 19997 | Lair:6   | Entered Level 6 of the Lair of Beasts
 20946 | Lair:6   | Found a viscous altar of Jiyva.
 20946 | Lair:6   | Found a staircase to the Slime Pits.
 22991 | Lair:6   | Learned a level 4 spell: Summon Ice Beast
 23343 | D:13     | Identified 2 scrolls of acquirement
 23838 | D:13     | Reached skill level 1 in Ice Magic
 23920 | D:13     | HP: 5/113 [meliai/divine providence (13)]
 24093 | D:13     | Identified Halosaci's Guide on Fetching Black Magic (Sif
                  | Muna gifted it to you on level 13 of the Dungeon)
 24093 | D:13     | Received a gift from Sif Muna
 24103 | D:13     | Learned a level 3 spell: Summon Guardian Golem
 25069 | D:13     | Reached skill level 5 in Hexes
 25696 | D:14     | Found a gate to the Vaults.
 26363 | D:15     | Entered Level 15 of the Dungeon
 27353 | D:14     | Gained mutation: Your large and strong wings let you fly
                  | indefinitely. [Black Draconian growth]
 27353 | D:14     | Reached XP level 14. HP: 58/121 MP: 3/27
 28623 | D:15     | Found a glowing silver altar of Zin.
 28941 | D:15     | Found a staircase to the Depths.
 28998 | D:15     | Reached skill level 10 in Summonings
 29175 | D:15     | Quit the game

Skill      XL: |  1  2  3  4  5  6  7  8  9 10 11 12 13 14 |
---------------+-------------------------------------------+-----
Fighting       | 1 2 3 5 6 8 10 | 10.0
Conjurations   | 2 3 5 6 8 10 | 10.2
Necromancy     | 1 2 |  2.1
Spellcasting   | 3 4 5 6 7 8 9 |  9.2
Fire Magic     | 4 7 8 9 11 | 11.0
Shields        | 2 5 7 8 |  8.0
Air Magic      | 6 |  6.0
Summonings     | 6 9 10 | 10.0
Hexes          | 3 5 |  5.9
Ice Magic      | 3 |  3.8
Dodging        | |  1.8
Stealth        | |  1.8

Action                   |  1- 3 |  4- 6 |  7- 9 | 10-12 | 13-15 || total
-------------------------+-------+-------+-------+-------+-------++-------
Melee: Club              |     5 |     3 |       |       |       ||     8
       Falchion          |       |    11 |       |       |       ||    11
       Dagger            |       |       |    71 |    76 |     5 ||   152
       Tailslap          |       |       |     3 |    18 |     5 ||    26
       Staff             |       |       |       |    44 |    17 ||    61
       Trident           |       |       |       |       |     5 ||     5
Throw: Stone             |       |       |     6 |       |       ||     6
 Cast: Flame Tongue      |    48 |   121 |   196 |   351 |       ||   716
       Animate Skeleton  |     6 |    14 |    22 |    86 |    59 ||   187
       Throw Flame       |     1 |     2 |    49 |    64 |       ||   116
       Conjure Flame     |       |     1 |    14 |    14 |     1 ||    30
       Sticky Flame      |       |       |    10 |    88 |    23 ||   121
       Fireball          |       |       |     2 |    21 |       ||    23
       Summon Lightning  |       |       |       |    32 |    46 ||    78
       Summon Mana Viper |       |       |       |    16 |   160 ||   176
       Summon Ice Beast  |       |       |       |       |   121 ||   121
       Summon Guardian G |       |       |       |       |    20 ||    20
       Tukima's Dance    |       |       |       |       |     3 ||     3
Invok: Divine Energy     |       |       |     1 |       |       ||     1
 Abil: Breathe Lightning |       |       |     1 |     6 |     3 ||    10
Evoke: Wand              |       |       |       |     6 |     2 ||     8
       Lamp of fire      |       |       |       |     1 |       ||     1
  Use: Scroll            |       |     8 |     3 |     8 |     5 ||    24
       Potion            |       |       |       |     4 |     2 ||     6
 Stab: Distracted        |       |       |       |     2 |     1 ||     3
  Eat: Chunk             |     2 |     9 |    13 |    37 |    48 ||   109
       Ration            |       |       |     3 |     4 |    11 ||    18
Armor: Skin              |     7 |    13 |    71 |   221 |   180 ||   492
Dodge: Dodged            |    14 |    37 |    99 |   263 |   212 ||   625
Block: Shield            |       |       |       |     9 |       ||     9
       Buckler           |       |       |       |       |    95 ||    95
       Rpst.: Falchion   |       |     7 |       |       |       ||     7
